TOP OF THE 1ST |
Kalamazoo Royale with Cheese batting - Pitching for Chicago Machine : RHP Kiyomitsu Fujii
|
Pitching: RHP Kiyomitsu Fujii
|
|
Batting: LHB David Richardson
|
0-0: Foul Ball, location: 2F 0-1: Swinging Strike 0-2: Ground out 6-3 (Groundball, 6)
|
Batting: RHB Run-ming Zhu
|
0-0: Called Strike 0-1: Ball 1-1: Ball 2-1: Ball 3-1: Base on Balls
|
Batting: LHB Stan Hickman
|
0-0: Foul Ball, location: 2F 0-1: Called Strike 0-2: Ball 1-2: Fly out, F8 (Flyball, 8LXD)
|
Batting: RHB Miguel Encarnación
|
0-0: Ball 1-0: Ball 2-0: Foul Ball, location: 2F 2-1: Ground out 5-3 (Groundball, 56S)
|
Top of the 1st over - 0 run(s), 0 hit(s), 0 error(s), 1 left on base; Kalamazoo 0 - Chicago 0 |
BOTTOM OF THE 1ST |
Chicago Machine batting - Pitching for Kalamazoo Royale with Cheese : LHP Octávio Ramírez
|
Pitching: LHP Octávio Ramírez
|
|
Batting: LHB Francisco Vega
|
0-0: SINGLE (Groundball, 56S) (infield hit)
|
Batting: RHB Fabrice Brodeur
|
0-0: Ball 1-0: Foul Ball, location: 2F 1-1: Ball 2-1: 2-RUN HOME RUN (Flyball, 78XD), Distance : 431 ft
|
Batting: LHB José Antonio Santiago
|
0-0: Called Strike 0-1: Foul Ball, location: 2F 0-2: Strikes out swinging
|
Batting: LHB Eric Wheeler
|
0-0: Called Strike 0-1: Called Strike 0-2: DOUBLE (Flyball, 78D) - OUT at third base trying to stretch hit.
|
Batting: RHB Edward Young
|
0-0: Called Strike 0-1: Foul Ball, location: 2F 0-2: Ball 1-2: Fly out, F8 (Flyball, 8RM)
|
Bottom of the 1st over - 2 run(s), 3 hit(s), 0 error(s), 0 left on base; Kalamazoo 0 - Chicago 2 |
TOP OF THE 2ND |
Kalamazoo Royale with Cheese batting - Pitching for Chicago Machine : RHP Kiyomitsu Fujii
|
Batting: LHB Jacob Wright
|
0-0: Foul Ball, location: 2F 0-1: Foul Ball, location: 2F 0-2: Ball 1-2: Fly out, F7 (Flyball, 7D)
|
Batting: LHB Ben Moss
|
0-0: Ball 1-0: SINGLE (Line Drive, 7LS)
|
Batting: LHB Jack Hewat
|
0-0: Ball 1-0: Ball 2-0: Called Strike 2-1: SINGLE (Groundball, 34D) Ben Moss to second Runner from 2nd tries for 3rd, SAFE, throw made to third
|
Batting: SHB Jack Fountain
|
0-0: Ball 1-0: Fielders Choice at 2nd, 4-6 (Groundball, 34) Ben Moss scores
|
Batting: LHB Francisco Torres
|
0-0: Ball 1-0: Called Strike 1-1: Called Strike 1-2: Fly out, F7 (Line Drive, 7M)
|
Top of the 2nd over - 1 run(s), 2 hit(s), 0 error(s), 1 left on base; Kalamazoo 1 - Chicago 2 |
BOTTOM OF THE 2ND |
Chicago Machine batting - Pitching for Kalamazoo Royale with Cheese : LHP Octávio Ramírez
|
Now at SS: Eugenio Lucero
|
|
Batting: SHB Joaquín López
|
0-0: Called Strike 0-1: Called Strike 0-2: Ball 1-2: Ball 2-2: Ground out 4-3 (Groundball, 34)
|
Batting: LHB Luis Espinoza
|
0-0: Swinging Strike 0-1: Fly out, F5 (Popup, 5D)
|
Batting: LHB Marcos Vargas
|
0-0: Called Strike 0-1: Ball 1-1: Ball 2-1: Ball 3-1: Fly out, F6 (Popup, 6M)
|
Bottom of the 2nd over - 0 run(s), 0 hit(s), 0 error(s), 0 left on base; Kalamazoo 1 - Chicago 2 |
TOP OF THE 3RD |
Kalamazoo Royale with Cheese batting - Pitching for Chicago Machine : RHP Kiyomitsu Fujii
|
Batting: LHB David Richardson
|
0-0: Ball 1-0: Ball 2-0: Foul Ball, location: 2F 2-1: Ball 3-1: Base on Balls
|
Batting: RHB Run-ming Zhu
|
0-0: Fly out, F4 (Popup, 3DF)
|
Batting: LHB Stan Hickman
|
0-0: Called Strike 0-1: Fly out, F7 (Flyball, 7M)
|
Batting: RHB Miguel Encarnación
|
0-0: Ball 1-0: Swinging Strike 1-1: Ball 2-1: Swinging Strike 2-2: Ground out 4-3 (Groundball, 4)
|
Top of the 3rd over - 0 run(s), 0 hit(s), 0 error(s), 1 left on base; Kalamazoo 1 - Chicago 2 |
BOTTOM OF THE 3RD |
Chicago Machine batting - Pitching for Kalamazoo Royale with Cheese : LHP Octávio Ramírez
|
Batting: RHB Rick Ayliffe
|
0-0: Ball 1-0: Foul Ball, location: 2F 1-1: Called Strike 1-2: Fly out, F8 (Flyball, 8RS)
|
Batting: LHB Francisco Vega
|
0-0: Called Strike 0-1: Ground out U3 (Groundball, 3)
|
Batting: RHB Fabrice Brodeur
|
0-0: Ball 1-0: Foul Ball, location: 2F 1-1: Swinging Strike 1-2: Foul Ball, location: 2F 1-2: Strikes out swinging
|
Bottom of the 3rd over - 0 run(s), 0 hit(s), 0 error(s), 0 left on base; Kalamazoo 1 - Chicago 2 |
TOP OF THE 4TH |
Kalamazoo Royale with Cheese batting - Pitching for Chicago Machine : RHP Kiyomitsu Fujii
|
Batting: LHB Jacob Wright
|
0-0: Foul Ball, location: 2F 0-1: Ball 1-1: Swinging Strike 1-2: SINGLE (Groundball, 6M)
|
Batting: LHB Ben Moss
|
0-0: Ball 1-0: Ball Wild Pitch! Jacob Wright to second 2-0: Ball 3-0: Called Strike 3-1: Ground out 1-3 (Groundball, 23) Jacob Wright to third
|
Batting: RHB Eugenio Lucero
|
0-0: Ball 1-0: Fly out, F8 (Popup, 78S)
|
Batting: SHB Jack Fountain
|
0-0: Ball 1-0: Called Strike 1-1: Ball 2-1: Swinging Strike 2-2: DOUBLE (Line Drive, 9LD) Jacob Wright scores
|
Batting: LHB Francisco Torres
|
0-0: Foul Ball, location: 2F 0-1: Foul Ball, location: 2F 0-2: Ball 1-2: SINGLE (Groundball, 4MD) Jack Fountain to third Runner from 3rd tries for Home, SAFE, no throw or cutoff
|
Batting: LHB David Richardson
|
0-0: Ball 1-0: Foul Ball, location: 2F 1-1: Foul Ball, location: 2F 1-2: Ball 2-2: Fly out, F7 (Flyball, 7LM)
|
Top of the 4th over - 2 run(s), 3 hit(s), 0 error(s), 1 left on base; Kalamazoo 3 - Chicago 2 |
BOTTOM OF THE 4TH |
Chicago Machine batting - Pitching for Kalamazoo Royale with Cheese : LHP Octávio Ramírez
|
Batting: LHB José Antonio Santiago
|
0-0: Called Strike 0-1: Ball 1-1: Ball 2-1: Ball 3-1: Called Strike 3-2: Ground out 4-3 (Groundball, 4)
|
Batting: LHB Eric Wheeler
|
0-0: Ball 1-0: Fly out, F6 (Line Drive, 6M)
|
Batting: RHB Edward Young
|
0-0: Ball 1-0: Called Strike 1-1: Ball 2-1: Ground out 5-3 (Groundball, 5S)
|
Bottom of the 4th over - 0 run(s), 0 hit(s), 0 error(s), 0 left on base; Kalamazoo 3 - Chicago 2 |
TOP OF THE 5TH |
Kalamazoo Royale with Cheese batting - Pitching for Chicago Machine : RHP Kiyomitsu Fujii
|
Batting: RHB Run-ming Zhu
|
0-0: Foul Ball, location: 2F 0-1: Ball 1-1: Ball 2-1: SINGLE (Groundball, 56D)
|
Batting: LHB Stan Hickman
|
0-0: Foul Ball, location: 2F 0-1: Ball 1-1: DOUBLE (Line Drive, 7LS) Run-ming Zhu to third Runner from 3rd tries for Home, throw and OUT! Stan Hickman to third
|
Batting: RHB Miguel Encarnación
|
0-0: Called Strike 0-1: Foul Ball, location: 2F 0-2: DOUBLE (Line Drive, 7LM) Stan Hickman scores
|
Batting: LHB Jacob Wright
|
0-0: Ball 1-0: Called Strike 1-1: Fly out, F6 (Popup, 56D)
|
Batting: LHB Ben Moss
|
0-0: Called Strike 0-1: Ball 1-1: Fly out, F8 (Flyball, 8LS)
|
Top of the 5th over - 1 run(s), 3 hit(s), 0 error(s), 1 left on base; Kalamazoo 4 - Chicago 2 |
BOTTOM OF THE 5TH |
Chicago Machine batting - Pitching for Kalamazoo Royale with Cheese : LHP Octávio Ramírez
|
Batting: SHB Joaquín López
|
0-0: Swinging Strike 0-1: Ball 1-1: Fly out, F8 (Flyball, 8RXD)
|
Batting: LHB Luis Espinoza
|
0-0: Ball 1-0: DOUBLE (Flyball, 8LXD)
|
Batting: LHB Marcos Vargas
|
0-0: Ball 1-0: Called Strike 1-1: Fly out, F8 (Flyball, 8RD) Runner from 2nd tags up, SAFE at 3rd, no throw
|
Batting: RHB Rick Ayliffe
|
0-0: Ball 1-0: Called Strike Steal of home, Luis Espinoza is out
|
Bottom of the 5th over - 0 run(s), 1 hit(s), 0 error(s), 0 left on base; Kalamazoo 4 - Chicago 2 |
TOP OF THE 6TH |
Kalamazoo Royale with Cheese batting - Pitching for Chicago Machine : RHP Kiyomitsu Fujii
|
Batting: RHB Eugenio Lucero
|
0-0: Ball 1-0: Foul Ball, location: 2F 1-1: Ball 2-1: Swinging Strike 2-2: Strikes out swinging
|
Batting: SHB Jack Fountain
|
0-0: Called Strike 0-1: Ball 1-1: Foul Ball, location: 2F 1-2: Strikes out swinging
|
Batting: LHB Francisco Torres
|
0-0: Called Strike 0-1: Ground out 6-3 (Groundball, 6M)
|
Top of the 6th over - 0 run(s), 0 hit(s), 0 error(s), 0 left on base; Kalamazoo 4 - Chicago 2 |
BOTTOM OF THE 6TH |
Chicago Machine batting - Pitching for Kalamazoo Royale with Cheese : LHP Octávio Ramírez
|
Batting: RHB Rick Ayliffe
|
0-0: Swinging Strike 0-1: Ball 1-1: Ball 2-1: Foul Ball, location: 2F 2-2: Ground out 1-3 (Groundball, 13)
|
Batting: LHB Francisco Vega
|
0-0: Ball 1-0: Called Strike 1-1: Ball 2-1: Ball 3-1: Called Strike 3-2: Ground out 4-3 (Groundball, 4M)
|
Batting: RHB Fabrice Brodeur
|
0-0: Fly out, F8 (Flyball, 8RS)
|
Bottom of the 6th over - 0 run(s), 0 hit(s), 0 error(s), 0 left on base; Kalamazoo 4 - Chicago 2 |
TOP OF THE 7TH |
Kalamazoo Royale with Cheese batting - Pitching for Chicago Machine : RHP Kiyomitsu Fujii
|
Pitching: RHP José García
|
|
Batting: LHB David Richardson
|
0-0: Called Strike 0-1: Ground out U3 (Groundball, 3S)
|
Batting: RHB Run-ming Zhu
|
0-0: Ground out 1-3 (Groundball, 15)
|
Batting: LHB Stan Hickman
|
0-0: Ball 1-0: Fly out, F6 (Line Drive, 6)
|
Top of the 7th over - 0 run(s), 0 hit(s), 0 error(s), 0 left on base; Kalamazoo 4 - Chicago 2 |
BOTTOM OF THE 7TH |
Chicago Machine batting - Pitching for Kalamazoo Royale with Cheese : LHP Octávio Ramírez
|
Batting: LHB José Antonio Santiago
|
0-0: Ball 1-0: Swinging Strike 1-1: Ball 2-1: Ball 3-1: Ground out 6-3 (Groundball, 6)
|
Batting: LHB Eric Wheeler
|
0-0: Called Strike 0-1: Ball 1-1: Ground out 5-3 (Groundball, 56S)
|
Batting: RHB Edward Young
|
0-0: Called Strike 0-1: Ball 1-1: Ball 2-1: Ground out 4-3 (Groundball, 34)
|
Bottom of the 7th over - 0 run(s), 0 hit(s), 0 error(s), 0 left on base; Kalamazoo 4 - Chicago 2 |
TOP OF THE 8TH |
Kalamazoo Royale with Cheese batting - Pitching for Chicago Machine : RHP José García
|
Batting: RHB Miguel Encarnación
|
0-0: Called Strike 0-1: Foul Ball, location: 2F 0-2: Strikes out swinging
|
Batting: LHB Jacob Wright
|
0-0: Foul Ball, location: 2F 0-1: Ball 1-1: Ball 2-1: Ball 3-1: Called Strike 3-2: Foul Ball, location: 2F 3-2: Ground out 5-3 (Groundball, 56S)
|
Batting: LHB Ben Moss
|
0-0: Ball 1-0: Ball 2-0: Ground out 5-3 (Groundball, 56)
|
Top of the 8th over - 0 run(s), 0 hit(s), 0 error(s), 0 left on base; Kalamazoo 4 - Chicago 2 |
BOTTOM OF THE 8TH |
Chicago Machine batting - Pitching for Kalamazoo Royale with Cheese : LHP Octávio Ramírez
|
Batting: SHB Joaquín López
|
0-0: Called Strike 0-1: Ball 1-1: Foul Ball, location: 2F 1-2: Foul Ball, location: 2F 1-2: Fly out, F6 (Line Drive, 6M)
|
Batting: LHB Luis Espinoza
|
0-0: Called Strike 0-1: Called Strike 0-2: Strikes out swinging
|
Batting: LHB Marcos Vargas
|
0-0: Swinging Strike 0-1: Foul Ball, location: 2F 0-2: Strikes out swinging
|
Bottom of the 8th over - 0 run(s), 0 hit(s), 0 error(s), 0 left on base; Kalamazoo 4 - Chicago 2 |
TOP OF THE 9TH |
Kalamazoo Royale with Cheese batting - Pitching for Chicago Machine : RHP José García
|
Batting: RHB Eugenio Lucero
|
0-0: Ball 1-0: DOUBLE (Flyball, 7D)
|
Batting: SHB Jack Fountain
|
0-0: Foul Ball, location: 2F 0-1: Ball 1-1: Ball 2-1: Ground out 5-3 (Groundball, 56S) Eugenio Lucero to third
|
Batting: LHB Francisco Torres
|
0-0: Ball 1-0: Called Strike 1-1: Ball 2-1: Fly out, F5 (Popup, 5SF)
|
Batting: LHB David Richardson
|
0-0: Ball 1-0: Ground out 4-3 (Groundball, 4M)
|
Top of the 9th over - 0 run(s), 1 hit(s), 0 error(s), 1 left on base; Kalamazoo 4 - Chicago 2 |
BOTTOM OF THE 9TH |
Chicago Machine batting - Pitching for Kalamazoo Royale with Cheese : LHP Octávio Ramírez
|
Pitching: RHP Fergus Wakeford
|
|
Batting: RHB Rick Ayliffe
|
0-0: Ball 1-0: Ball 2-0: Called Strike 2-1: DOUBLE (Line Drive, 7LD)
|
Batting: LHB Francisco Vega
|
0-0: Foul Ball, location: 2F 0-1: Fly out, F8 (Flyball, 8RD) Runner from 2nd tags up, SAFE at 3rd, no throw
|
Batting: RHB Fabrice Brodeur
|
0-0: Ball 1-0: Ball 2-0: Fly out, F4 (Popup, 4MD)
|
Batting: LHB José Antonio Santiago
|
0-0: Foul Ball, location: 2F 0-1: Ball 1-1: Ball Wild Pitch! Rick Ayliffe scores 2-1: Ball 3-1: Called Strike 3-2: Base on Balls
|
Batting: LHB Eric Wheeler
|
0-0: DOUBLE (Flyball, 78D) José Antonio Santiago to third
|
Pinch Hitting: LHB Bob Smith
|
0-0: Ball 1-0: Foul Ball, location: 2F 1-1: Ball 2-1: Ball 3-1: Called Strike 3-2: Strikes out swinging
|
Bottom of the 9th over - 1 run(s), 2 hit(s), 0 error(s), 2 left on base; Kalamazoo 4 - Chicago 3 |
|